PIO (24 & UNDER)
SALEM SLEDGEHAMMERS @ EAU CLAIRE ESQUIRES
08/17/2026
 
TOP OF THE 1ST
Salem Sledgehammers batting - Pitching for Eau Claire Esquires : RHP Pete O'Connor
Pitching: RHP Pete O'Connor
Batting: RHB Luis Bustamante 0-0: DOUBLE (Line Drive, 8RS)
Batting: LHB José Rivera 0-0: Called Strike
0-1: Ball
1-1: Foul Ball, location: 2F
1-2: Ball
2-2: SINGLE (Groundball, 6M)
Luis Bustamante to third
Runner from 3rd tries for Home, SAFE, throw made home
José Rivera to second
Batting: LHB Nathan Frey 0-0: Called Strike
0-1: Ball
1-1: Ball
2-1: Foul Ball, location: 2F
2-2: Foul Ball, location: 2F
2-2: Ground out 1-3 (Groundball, 13S)
José Rivera to third
Batting: SHB Enrique Uribe 0-0: Ball
1-0: Ball
2-0: Fly out, F8 (Flyball, 8LD)
Runner from 3rd tags up, SCORES, no throw
Batting: RHB Bobby Miller 0-0: Ball
1-0: Ball
2-0: Fly out, F2 (Popup, 23F)
Top of the 1st over - 2 run(s), 2 hit(s), 0 error(s), 0 left on base; Salem 2 - Eau Claire 0
BOTTOM OF THE 1ST
Eau Claire Esquires batting - Pitching for Salem Sledgehammers : LHP Jesús González
Pitching: LHP Jesús González
Batting: SHB Álex Hernández 0-0: Ball
1-0: Ball
2-0: Called Strike
2-1: Swinging Strike
2-2: Ball
3-2: Strikes out swinging
Batting: RHB Nelson Castro 0-0: Ball
1-0: Foul Ball, location: 2F
1-1: Ball
2-1: Foul Ball, location: 2F
2-2: Foul Ball, location: 2F
2-2: Strikes out swinging
Batting: LHB José Martínez 0-0: Called Strike
0-1: Called Strike
0-2: Foul Ball, location: 2F
0-2: Ball
1-2: Strikes out swinging
Bottom of the 1st over - 0 run(s), 0 hit(s), 0 error(s), 0 left on base; Salem 2 - Eau Claire 0
TOP OF THE 2ND
Salem Sledgehammers batting - Pitching for Eau Claire Esquires : RHP Pete O'Connor
Batting: RHB Marc Ploughman 0-0: Fly out, F5 (Popup, 5S)
Batting: RHB Patrick Daniels 0-0: Ball
1-0: Ball
2-0: Foul Ball, location: 2F
2-1: Ball
3-1: Base on Balls
Batting: LHB Caleb Hall 0-0: Ball
Patrick Daniels steals 2nd base
1-0: Ball
2-0: Swinging Strike
2-1: Ball
3-1: Base on Balls
Batting: RHB Lakota O'Reilly 0-0: Ball
1-0: Ball
2-0: Ball
Wild Pitch!
Patrick Daniels to third
Caleb Hall to second
3-0: Base on Balls
Batting: RHB Luis Bustamante 0-0: Ball
1-0: Called Strike
1-1: Swinging Strike
1-2: Fly out, F7 (Line Drive, 78S)
Batting: LHB José Rivera 0-0: Swinging Strike
0-1: Foul Ball, location: 2F
0-2: Foul Ball, location: 2F
0-2: Strikes out looking
Top of the 2nd over - 0 run(s), 0 hit(s), 0 error(s), 3 left on base; Salem 2 - Eau Claire 0
BOTTOM OF THE 2ND
Eau Claire Esquires batting - Pitching for Salem Sledgehammers : LHP Jesús González
Batting: RHB Terry Perkins 0-0: Ball
1-0: Foul Ball, location: 2F
1-1: Called Strike
1-2: Strikes out swinging
Batting: RHB Jon Krohne 0-0: Ball
1-0: Ball
2-0: Swinging Strike
2-1: Foul Ball, location: 2F
2-2: Strikes out looking
Batting: RHB Eugenio Maldonado 0-0: Ball
1-0: Ball
2-0: Foul Ball, location: 2F
2-1: Called Strike
2-2: Ball
3-2: Fly out, F8 (Flyball, 8LM)
Bottom of the 2nd over - 0 run(s), 0 hit(s), 0 error(s), 0 left on base; Salem 2 - Eau Claire 0
TOP OF THE 3RD
Salem Sledgehammers batting - Pitching for Eau Claire Esquires : RHP Pete O'Connor
Batting: LHB Nathan Frey 0-0: Ball
1-0: Fly out, F8 (Flyball, 8RD)
Batting: SHB Enrique Uribe 0-0: Ball
1-0: Fly out, F8 (Flyball, 78S)
Batting: RHB Bobby Miller 0-0: Called Strike
0-1: Called Strike
0-2: Ground out 6-3 (Groundball, 6)
Top of the 3rd over - 0 run(s), 0 hit(s), 0 error(s), 0 left on base; Salem 2 - Eau Claire 0
BOTTOM OF THE 3RD
Eau Claire Esquires batting - Pitching for Salem Sledgehammers : LHP Jesús González
Batting: RHB David Alonso 0-0: Fly out, F9 (Flyball, 9LM)
Batting: RHB Jason Stover 0-0: Ball
1-0: TRIPLE (Flyball, 8LM)
Batting: LHB Johnny Foley 0-0: Called Strike
0-1: Swinging Strike
0-2: Ball
1-2: Foul Ball, location: 2F
1-2: Strikes out swinging
Batting: SHB Álex Hernández 0-0: Ball
1-0: Ball
2-0: Fly out, F7 (Flyball, 8LM)
Bottom of the 3rd over - 0 run(s), 1 hit(s), 0 error(s), 1 left on base; Salem 2 - Eau Claire 0
TOP OF THE 4TH
Salem Sledgehammers batting - Pitching for Eau Claire Esquires : RHP Pete O'Connor
Batting: RHB Marc Ploughman 0-0: Called Strike
0-1: Ball
1-1: Foul Ball, location: 2F
1-2: SOLO HOME RUN (Line Drive, 78XD), Distance : 378 ft
Batting: RHB Patrick Daniels 0-0: Foul Ball, location: 2F
0-1: SINGLE (Groundball, 6MD)
Batting: LHB Caleb Hall 0-0: Ball
1-0: Foul Ball, location: 2F
1-1: SINGLE (Groundball, 34)
Patrick Daniels to second
Runner from 2nd tries for 3rd, OUT!
Batting: RHB Lakota O'Reilly 0-0: Ball
1-0: TRIPLE (Groundball, 3L)
Caleb Hall scores
Batting: RHB Luis Bustamante 0-0: Ball
1-0: Foul Ball, location: 2F
1-1: Called Strike
1-2: Strikes out swinging
Batting: LHB José Rivera 0-0: Swinging Strike
0-1: DOUBLE (Flyball, 9LM)
Lakota O'Reilly scores
Batting: LHB Nathan Frey 0-0: Ball
1-0: Ball
2-0: Called Strike
2-1: Ball
3-1: Called Strike
3-2: Foul Ball, location: 2F
3-2: Base on Balls
Batting: SHB Enrique Uribe 0-0: Ball
1-0: Called Strike
1-1: Ball
2-1: Foul Ball, location: 2F
2-2: Fly out, F7 (Flyball, 78S)
Top of the 4th over - 3 run(s), 5 hit(s), 0 error(s), 2 left on base; Salem 5 - Eau Claire 0
BOTTOM OF THE 4TH
Eau Claire Esquires batting - Pitching for Salem Sledgehammers : LHP Jesús González
Batting: RHB Nelson Castro 0-0: Called Strike
0-1: Called Strike
0-2: Foul Ball, location: 2F
0-2: Ball
1-2: Foul Ball, location: 2F
1-2: Ground out 6-3 (Groundball, 6M)
Batting: LHB José Martínez 0-0: Swinging Strike
0-1: Called Strike
0-2: Foul Ball, location: 2F
0-2: Ball
1-2: Strikes out swinging
Batting: RHB Terry Perkins 0-0: Ball
1-0: Foul Ball, location: 2F
1-1: Swinging Strike
1-2: Strikes out swinging
Bottom of the 4th over - 0 run(s), 0 hit(s), 0 error(s), 0 left on base; Salem 5 - Eau Claire 0
TOP OF THE 5TH
Salem Sledgehammers batting - Pitching for Eau Claire Esquires : RHP Pete O'Connor
Batting: RHB Bobby Miller 0-0: Called Strike
0-1: Ball
1-1: Swinging Strike
1-2: Ball
2-2: SINGLE (Flyball, 9LM)
Batting: RHB Marc Ploughman 0-0: Called Strike
0-1: Ball
1-1: Foul Ball, location: 2F
1-2: Strikes out swinging
Pitching: RHP Alex Hicks
Batting: RHB Patrick Daniels 0-0: Swinging Strike
0-1: Ball
1-1: Ball
2-1: Ball
3-1: Reached on error, E5 (Groundball, 56S)
Bobby Miller to second
Batting: LHB Caleb Hall 0-0: Ball
1-0: Foul Ball, location: 2F
1-1: DOUBLE (Line Drive, 3)
Bobby Miller scores
Patrick Daniels to third
Batting: RHB Lakota O'Reilly 0-0: Called Strike
0-1: Called Strike
0-2: Ball
1-2: Ball
2-2: Ball
3-2: Fly out, F8 (Line Drive, 8LS)
Batting: RHB Luis Bustamante 0-0: Called Strike
0-1: Called Strike
0-2: Ball
1-2: Fly out, F8 (Flyball, 8RM)
Top of the 5th over - 1 run(s), 2 hit(s), 1 error(s), 2 left on base; Salem 6 - Eau Claire 0
BOTTOM OF THE 5TH
Eau Claire Esquires batting - Pitching for Salem Sledgehammers : LHP Jesús González
Batting: RHB Jon Krohne 0-0: Foul Ball, location: 2F
0-1: Called Strike
0-2: Ball
1-2: Ball
2-2: Foul Ball, location: 2F
2-2: Ball
3-2: Base on Balls
Batting: RHB Eugenio Maldonado 0-0: Called Strike
0-1: Ball
1-1: Ball
2-1: Called Strike
2-2: Ball
3-2: Foul Ball, location: 2F
3-2: Base on Balls
Jon Krohne to second
Batting: RHB David Alonso 0-0: Ball
1-0: Fly out, F8 (Line Drive, 8RM)
Batting: RHB Jason Stover 0-0: Ball
1-0: Ball
2-0: Ball
3-0: Called Strike
3-1: Called Strike
3-2: Strikes out looking
Batting: LHB Johnny Foley 0-0: Ball
1-0: Ball
2-0: Foul Ball, location: 2F
2-1: Foul Ball, location: 2F
2-2: Ball
3-2: Foul Ball, location: 2F
3-2: Base on Balls
Jon Krohne to third
Eugenio Maldonado to second
Pitching: RHP Claudio Cuevas
Batting: SHB Álex Hernández 0-0: Fly out, F7 (Flyball, 78M)
Bottom of the 5th over - 0 run(s), 0 hit(s), 0 error(s), 3 left on base; Salem 6 - Eau Claire 0
TOP OF THE 6TH
Salem Sledgehammers batting - Pitching for Eau Claire Esquires : RHP Alex Hicks
Batting: LHB José Rivera 0-0: Ball
1-0: SINGLE (Line Drive, 3D)
Batting: LHB Nathan Frey 0-0: Ball
1-0: Called Strike
1-1: Foul Ball, location: 2F
1-2: Ball
2-2: Ball
3-2: Base on Balls
José Rivera to second
Batting: SHB Enrique Uribe 0-0: Fly out, F7 (Flyball, 7S)
Batting: RHB Bobby Miller 0-0: Ball
José Rivera steals 3rd base
Nathan Frey to second
1-0: Called Strike
1-1: Ball
2-1: Foul Ball, location: 2F
2-2: Ball
3-2: Foul Ball, location: 2F
3-2: Base on Balls
Batting: RHB Marc Ploughman 0-0: Ball
1-0: Called Strike
1-1: Ball
2-1: Foul Ball, location: 2F
2-2: Ball
3-2: SINGLE (Popup, 3)
José Rivera scores
Nathan Frey to third
Bobby Miller to second
Batting: RHB Patrick Daniels 0-0: Ball
1-0: Foul Ball, location: 2F
1-1: Ball
2-1: Fly out, F8 (Flyball, 8LS)
Batting: LHB Caleb Hall 0-0: Called Strike
0-1: Ball
1-1: Ball
2-1: Foul Ball, location: 2F
2-2: Foul Ball, location: 2F
2-2: Foul Ball, location: 2F
2-2: Ball
3-2: DOUBLE (Flyball, 89XD)
Nathan Frey scores
Bobby Miller scores
Marc Ploughman to third
Marc Ploughman scores
Pitching: RHP Orsino Ortíz
Batting: RHB Lakota O'Reilly 0-0: Called Strike
0-1: Foul Ball, location: 2F
0-2: Strikes out swinging
Top of the 6th over - 4 run(s), 3 hit(s), 0 error(s), 1 left on base; Salem 10 - Eau Claire 0
BOTTOM OF THE 6TH
Eau Claire Esquires batting - Pitching for Salem Sledgehammers : RHP Claudio Cuevas
Batting: RHB Nelson Castro 0-0: Ball
1-0: Foul Ball, location: 2F
1-1: Fly out, F7 (Flyball, 78M)
Batting: LHB José Martínez 0-0: Called Strike
0-1: Ball
1-1: Swinging Strike
1-2: Strikes out swinging
Batting: RHB Terry Perkins 0-0: SOLO HOME RUN (Flyball, 7LD), Distance : 329 ft
Batting: RHB Jon Krohne 0-0: Swinging Strike
0-1: Ball
1-1: Swinging Strike
1-2: Ball
2-2: Strikes out looking
Bottom of the 6th over - 1 run(s), 1 hit(s), 0 error(s), 0 left on base; Salem 10 - Eau Claire 1
TOP OF THE 7TH
Salem Sledgehammers batting - Pitching for Eau Claire Esquires : RHP Orsino Ortíz
Batting: RHB Luis Bustamante 0-0: Ball
1-0: Ball
2-0: Called Strike
2-1: Fly out, F8 (Flyball, 8LXD)
Batting: LHB José Rivera 0-0: Ball
1-0: Ball
2-0: Ball
3-0: Base on Balls
Batting: LHB Nathan Frey 0-0: Ball
1-0: Called Strike
1-1: Grounds into double play, 4-6-3 (Groundball, 34)
Top of the 7th over - 0 run(s), 0 hit(s), 0 error(s), 0 left on base; Salem 10 - Eau Claire 1
BOTTOM OF THE 7TH
Eau Claire Esquires batting - Pitching for Salem Sledgehammers : RHP Claudio Cuevas
Batting: RHB Eugenio Maldonado 0-0: Ball
1-0: Ball
2-0: Ground out 1-3 (Groundball, 15)
Batting: RHB David Alonso 0-0: Ground out 4-3 (Groundball, 4M)
Batting: RHB Jason Stover 0-0: Swinging Strike
0-1: Swinging Strike
0-2: Foul Ball, location: 2F
0-2: Fly out, F9 (Flyball, 89S)
Bottom of the 7th over - 0 run(s), 0 hit(s), 0 error(s), 0 left on base; Salem 10 - Eau Claire 1
TOP OF THE 8TH
Salem Sledgehammers batting - Pitching for Eau Claire Esquires : RHP Orsino Ortíz
Batting: SHB Enrique Uribe 0-0: Swinging Strike
0-1: Ball
1-1: Swinging Strike
1-2: Strikes out swinging
Batting: RHB Bobby Miller 0-0: Called Strike
0-1: Ball
1-1: Foul Ball, location: 2F
1-2: Foul Ball, location: 2F
1-2: Strikes out looking
Pinch Hitting: RHB José García 0-0: Ball
1-0: Called Strike
1-1: Ball
2-1: Swinging Strike
2-2: Fly out, F9 (Flyball, 89M)
Top of the 8th over - 0 run(s), 0 hit(s), 0 error(s), 0 left on base; Salem 10 - Eau Claire 1
BOTTOM OF THE 8TH
Eau Claire Esquires batting - Pitching for Salem Sledgehammers : RHP Claudio Cuevas
Pitching: RHP Blake Koepke
Now in CF: José García
Batting: LHB Johnny Foley 0-0: SINGLE (Line Drive, 89S)
Batting: SHB Álex Hernández 0-0: Called Strike
0-1: Ball
1-1: Ball
2-1: Foul Ball, location: 2F
2-2: Hit by Pitch
Johnny Foley to second
Batting: RHB Nelson Castro 0-0: Called Strike
0-1: Ball
1-1: Ball
2-1: Called Strike
2-2: Ball
3-2: Strikes out swinging
Batting: LHB José Martínez 0-0: Ball
1-0: Fly out, F8 (Flyball, 8RM)
Batting: RHB Terry Perkins 0-0: Ball
1-0: Swinging Strike
1-1: Foul Ball, location: 2F
1-2: Ball
2-2: Ball
3-2: Fly out, F4 (Popup, 34D)
Bottom of the 8th over - 0 run(s), 1 hit(s), 0 error(s), 2 left on base; Salem 10 - Eau Claire 1
TOP OF THE 9TH
Salem Sledgehammers batting - Pitching for Eau Claire Esquires : RHP Orsino Ortíz
Batting: RHB Patrick Daniels 0-0: Foul Ball, location: 2F
0-1: Ball
1-1: Fly out, F6 (Popup, 6D)
Batting: LHB Caleb Hall 0-0: Ball
1-0: Fly out, F9 (Line Drive, 89M)
Batting: RHB Lakota O'Reilly 0-0: Ball
1-0: Foul Ball, location: 2F
1-1: Foul Ball, location: 2F
1-2: Ground out 5-3 (Groundball, 5L)
Top of the 9th over - 0 run(s), 0 hit(s), 0 error(s), 0 left on base; Salem 10 - Eau Claire 1
BOTTOM OF THE 9TH
Eau Claire Esquires batting - Pitching for Salem Sledgehammers : RHP Blake Koepke
Batting: RHB Jon Krohne 0-0: Ground out 5-3 (Groundball, 5S)
Batting: RHB Eugenio Maldonado 0-0: DOUBLE (Line Drive, 7LM)
Batting: RHB David Alonso 0-0: DOUBLE (Line Drive, 9LM)
Eugenio Maldonado scores
Batting: RHB Jason Stover 0-0: Called Strike
0-1: Swinging Strike
0-2: Ball
1-2: Ball
2-2: Foul Ball, location: 2F
2-2: Strikes out swinging
Batting: LHB Johnny Foley 0-0: Ball
1-0: Ground out 4-3 (Groundball, 4)
Bottom of the 9th over - 1 run(s), 2 hit(s), 0 error(s), 1 left on base; Salem 10 - Eau Claire 2
Monday, December 5th, 2016 - OOTP Baseball 17.12 Build 75